 Dungeon Crawl Stone Soup version 0.26.0-10-g1f06aea511 (webtiles) character file.

Game seed: 331321095650104757

0 Goblin1989 the Sneak (level 1, -3/18 HPs)
             Began as a Demonspawn Delver on Jan 26, 2021.
             Slain by a lemure (6 damage)
             ... led by Pikel
             ... on level 5 of the Dungeon.
             The game lasted 00:00:28 (56 turns).

Goblin1989 the Sneak (Demonspawn Delver)              Turns: 56, Time: 00:00:28

Health: -3/18      AC:  3    Str: 12    XL:     1   Next: 8%
Magic:  1/1        EV: 12    Int: 11    God:
Gold:   0          SH:  0    Dex: 14    Spells: 0/0 levels left

rFire    . . .     SeeInvis .   a - +0 short sword
rCold    . . .     Faith    .   (no shield)
rNeg     . . .     Spirit   .   b - +0 leather armour
rPois    .         Reflect  .   (no helmet)
rElec    .         Harm     .   (no cloak)
rCorr    .         Rampage  .   (no gloves)
Will     .....                  (no boots)
Stlth    ++........             (no amulet)
HPRegen  0.06/turn              (no ring)
MPRegen  0.07/turn              (no ring)

@: no status effects
A: no striking features
a: no special abilities


You were on level 5 of the Dungeon.
You visited 1 branch of the dungeon, and saw 1 of its levels.

Inventory:

Hand Weapons
 a - a +0 short sword (weapon)
Armour
 b - a +0 leather armour (worn)
Wands
 g - a wand of digging (3) {@v1}
Scrolls
 c - a scroll of fog
 e - a scroll of fear
 M - a scroll of magic mapping
Potions
 f - a potion of haste {@q3,}


   Skills:
 - Level 3.0 Fighting
 + Level 1.8 Short Blades
 - Level 1.7 Dodging
 - Level 4.5 Stealth


You couldn't memorise any spells.
You didn't know any spells.
Your spell library was empty.

Dungeon Overview and Level Annotations

Branches:
Dungeon (5/15)
 Temple: D:4-7

Altars:
Okawaru

Annotations:
D:5 Pikel, Sigmund


Message History

You become a demigod!
Welcome, Goblin1989 the Demonspawn Delver.
The bosom of this dungeon contains the awesome artefact, the Orb of Zot.
Press ? for a list of commands and other information.
Found a stone staircase leading down.
There is a stone staircase leading down here.
You open the door.
Sigmund the Dreaded comes into view.
He is wielding a +3 scythe of freezing.
You close the door.
There is a stone staircase leading down here.
A scorpion comes into view.
Found a fuming blue potion.
Found an iron altar of Okawaru.
Found 19 gold pieces.
A lemure and a zombie come into view.
The lemure shouts!
You hear a shout!
A lemure comes into view.
You hear a shout!
You hear a shout!
The quokka zombie barely misses you.
You hit the quokka zombie but do no damage.
The quokka zombie barely misses you.
You hit the quokka zombie.
The quokka zombie is heavily damaged.
The quokka zombie bites you.
You take 2 damage, and have 16/18 hp.
You hit the quokka zombie but do no damage.
The quokka zombie is heavily damaged.
The quokka zombie bites you.
You take 4 damage, and have 12/18 hp.
MASSIVE DAMAGE!!
You hit the quokka zombie.
You destroy the quokka zombie!
You closely miss the lemure.
Pikel the Slaver comes into view.
He is wielding a +2 whip of electrocution.
The lemure hits you.
* * * LOW HITPOINT WARNING * * *
You take 6 damage, and have 6/18 hp.
MASSIVE DAMAGE!!
Unknown command.
Unknown command.
You closely miss the lemure. The lemure closely misses you.
You closely miss the lemure. The lemure hits you.
* * * LOW HITPOINT WARNING * * *
You take 3 damage, and have 3/18 hp.
You hit the lemure but do no damage.
A lemure comes into view.
The lemure misses you.
You hit the lemure.
The lemure is lightly wounded.
The lemure hits you.
You die...

█................5.█..$█.
█......██................
.███.....█
█.....5.5...⌂...
.........█
██...............
█.....███..........█...█.
███.............Z..█ .██
██.......██5████...!..
█....█.███5█ ██.....
██.███.█ █@█ .█.██
█..██.█ █.█ █ █
██.██.███.█ █........█
█..█.█████ █..█.█ █....█
█.█..█ █.█..█


You could see 3 lemures.

Vanquished Creatures
  A quokka zombie (D:5)
1 creature vanquished.

Notes
Turn   | Place    | Note
-------+----------+-------------------------------------------
     0 | D:5      | Goblin1989 the Demonspawn Delver began the quest for the
                  | Orb.
     0 | D:5      | Reached XP level 1. HP: 18/18 MP: 1/1
     4 | D:5      | Noticed Sigmund
    20 | D:5      | Noticed a scorpion
    33 | D:5      | Found an iron altar of Okawaru.
    35 | D:5      | Noticed a lemure
    37 | D:5      | Noticed a lemure
    52 | D:5      | Noticed Pikel
    55 | D:5      | Noticed a lemure
    56 | D:5      | Slain by a lemure

Illustrated notes

Levels and vault maps discovered:
D:5:      layout_basic, chequers_decorated_corner, hangedman_decor_growths,
          okawaru_gym_becter, uniq_pikel, uniq_sigmund

Action                   || total
-------------------------++-------
Melee: Short sword       ||     9
Dodge: Dodged            ||     4
